 Dungeon Crawl Stone Soup version 0.23.2-1-ga50397a (webtiles) character file.

Game seed: 15594442505934945069

11 myga the Digger (level 2, 0/19 HPs)
             Began as a Formicid Earth Elementalist on May 26, 2019.
             Slain by a kobold
             ... wielding a +2 short sword of protection
              (3 damage)
             ... on level 1 of the Dungeon.
             The game lasted 00:02:14 (286 turns).

myga the Digger (Formicid Earth Elementalist)        Turns: 286, Time: 00:02:15

Health: 0/19       AC:  2    Str: 12    XL:     2   Next: 40%
Magic:  0/5        EV:  9    Int: 14    God:
Gold:   0          SH:  6    Dex: 11    Spells: 4/5 levels left

rFire    . . .     SeeInvis +   a - +0 dagger
rCold    . . .     Gourm    .   e - +0 shield
rNeg     . . .     Faith    .   c - +0 robe
rPois    .         Spirit   .   (helmet unavailable)
rElec    .         Reflect  .   (no cloak)
rCorr    .         Harm     .   (no gloves)
MR       .....                  (no boots)
Stlth    ++........             (no amulet)
HPRegen  0.06/turn              (no ring)
MPRegen  0.09/turn              (no ring)

@: very slightly contaminated
A: permanent stasis, dig shafts and tunnels, four strong arms, antennae 3
a: Dig, Shaft Self


You were on level 1 of the Dungeon.
You were not hungry.

You visited 1 branch of the dungeon, and saw 1 of its levels.

Inventory:

Hand Weapons
 a - a +0 dagger (weapon)
Missiles
 b - 20 stones (quivered)
Armour
 c - a +0 robe (worn)
 e - a +0 shield (worn)
Scrolls
 g - a scroll of magic mapping {unknown}
Comestibles
 d - 2 rations


   Skills:
 + Level 1.9 Dodging
 + Level 2.5 Stealth
 + Level 2.4 Spellcasting
   Level 1.1 Transmutations
 + Level 4.1 Earth Magic


You had 4 spell levels left.
You knew the following spells:

 Your Spells              Type           Power        Failure   Level  Hunger
a - Sandblast             Erth           ##....       30%         1    #......

Your spell library contained the following spells:

 Spells                   Type           Power        Failure   Level  Hunger
 Passwall                 Tmut/Erth      #.......     63%         2    ###....
 Stone Arrow              Conj/Erth      #.....       90%         3    ###....
 Petrify                  Tmut/Erth      #.......     99%         4    #####..
 Lee's Rapid Deconstruct  Erth           ##........   100%        5    ######.


Dungeon Overview and Level Annotations

Branches:
Dungeon (1/15)

Altars:


Innate Abilities, Weirdness & Mutations

You cannot be hasted, slowed, berserked, paralysed or teleported.
You can dig through walls and to a lower floor.
Your four strong arms can wield two-handed weapons with a shield.
You have a pair of large antennae on your head. (SInv)


Message History

There is an open door here.
Found a gold piece.
Your magical contamination has completely faded away.
Casting: Sandblast (safe; 30% risk of failure)
Confirm with . or Enter, or press ? or * to list all spells.
Aiming: Sandblast (safe; 30% risk of failure)
Press: ? - help, Shift-Dir - straight line, f/p - kobold
Aim: a kobold, wielding a +2 short sword of protection You miscast Sandblast.
You are very lightly contaminated with residual magic.
Motes of dust swirl before your eyes. The kobold barely misses you.
Casting: Sandblast (safe; 30% risk of failure)
Confirm with . or Enter, or press ? or * to list all spells.
Aiming: Sandblast (safe; 30% risk of failure)
Press: ? - help, Shift-Dir - straight line, f/p - kobold
Aim: a kobold, wielding a +2 short sword of protection The blast of sand hits the kobold but does no damage.
b - 20 stones The kobold hits you with a +2 short sword of protection.
You die...

#.8.⌠⌠⌠>⌠⌠⌠.8.# #....
#.............###....
###.###÷###.####.....
#.###.....#.....$..
##........##........
#.........##........
#...g......#........
#...K.J..÷.##.......
#..@###....##.......
#...#......##...J...
#...#....J.####....#
#..........##......#
#........#.........#
##.......#.........#
####....#.......###
###....#.......###
#.................


You could see an ooze, a hobgoblin and a kobold.

Vanquished Creatures
  An ooze (D:1)
  A hobgoblin (D:1)
  3 kobolds (D:1)
  2 bats (D:1)
  A frilled lizard (D:1)
  A rat (D:1)
9 creatures vanquished.

Notes
Turn   | Place    | Note
-------+----------+-------------------------------------------
     0 | D:1      | myga the Formicid Earth Elementalist began the quest for
                  | the Orb.
     0 | D:1      | Reached XP level 1. HP: 13/13 MP: 3/3
    71 | D:1      | Reached skill level 4 in Earth Magic
    71 | D:1      | Reached XP level 2. HP: 11/19 MP: 1/5
   286 | D:1      | Slain by a kobold

Skill      XL: |  1 |
---------------+----+-----
Earth Magic    | 4 |  4.1
Dodging        | |  1.9
Stealth        | |  2.5
Spellcasting   | |  2.4
Transmutations | |  1.1

Action                   || total
-------------------------++-------
Melee: Dagger            ||     8
Throw: Stone             ||     1
 Cast: Sandblast         ||    14
 Stab: Distracted        ||     1
       Sleeping          ||     1
Armor: Robe              ||     1
Dodge: Dodged            ||     8
Block: Shield            ||     2
